 Dungeon Crawl Stone Soup version 0.29.1-1-gd02db6906a (webtiles) character file.

Game seed: 18284503879495499811

72 Earthwalker the Grasshopper (level 4, 0/9 (37) HPs)
             Began as a Meteoran Warper on Oct 7, 2022.
             Slain by a scorpion (6 damage)
             ... on level 5 of the Dungeon.
             The game lasted 00:06:57 (2077 turns).

Earthwalker the Grasshopper (Meteoran Warper)       Turns: 2077, Time: 00:06:58

HP:   0/9 (37)      AC:  5    Str: 14    XL:     4   Next: 77%
MP:   9/9           EV: 16    Int: 15    God:
Gold: 45            SH:  0    Dex: 13    Spells: 9/9 levels left

rFire   . . .      SeeInvis .   k - +2 mace (protect)
rCold   . . .      Faith    .   (no shield)
rNeg    . . .      Spirit   .   b - +0 leather armour
rPois   .          Reflect  .   (no helmet)
rElec   .          Harm     .   l - +1 cloak
rCorr   .          Rampage  .   (no gloves)
Will    .....                   (no boots)
Stlth   +.........              (no amulet)
HPRegen 0.03/turn               e - +4 ring of evasion
MPRegen 0.11/turn               (no ring)

@: glowing, extremely drained
A: sense surroundings 1, otherworldly, glowing, explore regen
a: no special abilities


You were on level 5 of the Dungeon.
You visited 1 branch of the dungeon, and saw 5 of its levels.

You collected 45 gold pieces.

Inventory:

Hand Weapons
 a - a +0 mace
 k - a +2 mace of protection (weapon)
Missiles
 d - 7 boomerangs of dispersal (quivered)
 f - 2 throwing nets
Armour
 b - a +0 leather armour (worn)
 l - a +1 cloak (worn)
Magical Staves
 j - a staff of fire
Jewellery
 e - a +4 ring of evasion (left hand)
Scrolls
 c - a scroll of blinking
 i - 2 scrolls of identify {unknown}
 m - a scroll of teleportation {unknown}
 o - a scroll of noise {unknown}
Potions
 g - a potion of haste {unknown}
 h - a potion of curing {unknown}
 n - a potion of mutation {unknown}
 p - a potion of lignification {unknown}


   Skills:
 + Level 2.5 Fighting
 + Level 3.9 Maces & Flails
 + Level 1.2 Throwing
 + Level 2.2 Armour
 + Level 3.1 Dodging
 + Level 3.1 Spellcasting
 + Level 4.0 Translocations


You had 9 spell levels left.
You didn't know any spells.
Your spell library contained the following spells:

 Spells                   Type           Power      Damage    Failure   Level
 Blink                    Tloc           28%        N/A       7%          2
 Gell's Gravitas          Tloc           14%        N/A       14%         3
 Lesser Beckoning         Tloc           14%        N/A       14%         3
 Teleport Other           Tloc           14%        N/A       14%         3
 Ensorcelled Hibernation  Hex/Ice        4%         N/A       36%         2
 Ignite Poison            Fire/Tmut/Pois 2%         N/A       58%         3
 Mephitic Cloud           Conj/Pois/Air  2%         N/A       58%         3
 Spider Form              Tmut/Pois      2%         N/A       58%         3
 Manifold Assault         Tloc           14%        N/A       77%         5
 Anguish                  Hex/Necr       1%         N/A       94%         4
 Freezing Cloud           Conj/Ice/Air   1%         6-21      100%        5
 Enfeeble                 Hex            1%         N/A       100%        7


Dungeon Overview and Level Annotations

Branches:
Dungeon (5/15) Zot: 1288
 Temple: D:4-7

Altars:

Annotations:
D:4 1 runed translucent door, Araneus's ghost, amateur OpBr


Innate Abilities, Weirdness & Mutations

You passively map a small area around you.
You are easily found by Zot.
You glow in the dark.
You regain HP and MP as you explore.


Message History

Uppercase [Y]es or [N]o only, please.
Really rest while Zot is near? [Y]es or [N]o only, please.
Really rest while Zot is near?
Uppercase [Y]es or [N]o only, please.
Really rest while Zot is near?
You start waiting.
Zot draws nearer.
Dive deeper or flee this branch before you suffer!
Really rest while Zot is near?
You start waiting.
Zot has nearly found you.
Suffering is approaching.
Descend or flee this branch!
Really rest while Zot is near?
Uppercase [Y]es or [N]o only, please.
Really rest while Zot is near?
You start waiting.
Zot's power touches on you...
You feel drained.
You start waiting.
You have lingered too long.
Zot senses you.
Dive deeper or flee this branch before you suffer!
There is a stone staircase leading down here.
You climb downwards.
As you enter the new level, Zot loses track of you.
The kobold shouts!
You hear a shout!
Found a dagger and a scroll labelled WAHIACWORI.
Found an escape hatch in the floor.
Found a runed translucent door.
There is a stone staircase leading up here.
The kobold throws a stone.
The stone barely misses you.
Found a spear.
Found a sling.
The kobold closely misses you.
There is an escape hatch in the floor here.
You can't go up here!
The kobold closely misses you.
You slide downwards.
The hatch slams shut behind you.
Found a stone staircase leading down.
Found 8 stones.
The kobold hits you with a +0 whip.
Ouch! That really hurt!
The scorpion attacks as you move away! The scorpion stings you.
Ouch! That really hurt!
You die...

, , , ,.... , ,
... * , ,, , ,...,
... .. ##>. ,... ,
,, ... #..## ..#*
, ....##...# #.#*
,
.........##..##..
.......@K....... ,
,
.....#..s...##.,,,
, ... ##.....#* ,
, . , #.###.#* ,
#.# ..,, , ... ,
.# , ,, .#.., , ,#
, , .#.. , , ( #.
** , *


You could see a scorpion and a kobold.

Vanquished Creatures
  3 adders
  4 bats
  3 endoplasms
  3 giant cockroaches
  6 goblins
  3 hobgoblins
  2 ball pythons (D:3)
  3 frilled lizards
  10 kobolds
  7 rats
44 creatures vanquished.

Notes
Turn   | Place    | Note
-------+----------+-------------------------------------------
     0 | D:1      | Earthwalker the Meteoran Warper began the quest for the
                  | Orb.
     0 | D:1      | Reached XP level 1. HP: 17/17 MP: 5/5
    62 | D:1      | Reached XP level 2. HP: 24/24 MP: 6/6
    72 | D:1      | Found a faded altar of an unknown god.
   236 | D:1      | Reached skill level 4 in Translocations
   267 | D:1      | Reached XP level 3. HP: 10/29 MP: 8/8
   484 | D:1      | Glimpsed the power of Zot.
   853 | D:3      | Reached XP level 4. HP: 37/37 MP: 9/9
  1664 | D:3      | Glimpsed the power of Zot.
  1714 | D:3      | Glimpsed the power of Zot.
  1754 | D:3      | Glimpsed the power of Zot.
  1764 | D:3      | Touched by the power of Zot.
  1865 | D:3      | Glimpsed the power of Zot.
  1915 | D:3      | Glimpsed the power of Zot.
  1955 | D:3      | Glimpsed the power of Zot.
  1964 | D:3      | Touched by the power of Zot.
  2065 | D:3      | Glimpsed the power of Zot.
  2068 | D:4      | Noticed Araneus's ghost (amateur OpBr)
  2068 | D:4      | Found a runed translucent door.
  2074 | D:5      | Entered Level 5 of the Dungeon
  2074 | D:5      | Noticed a scorpion
  2077 | D:5      | Slain by a scorpion

Illustrated notes

Levels and vault maps discovered:
D:1:      minmay_arrival_hallway, layout_loops_ring,
          ebering_ecumenical_altar_sacrificial, st_stairs_5,
          minmay_crystal_water
D:2:      layout_loops_ring, st_stairs_5
D:3:      layout_basic
D:4:      layout_cave_pools, hellmonk_ghost_happy_afterlife
D:5:      layout_cave_pools, serial_gnoll_camp, gnoll_camp_mini_basic,
          gnoll_camp_mini_hut, gnoll_camp_huts_moat, gnoll_camp_mini_shop

Skill      XL: |  1  2  3  4 |
---------------+-------------+-----
Spellcasting   | 3 |  3.1
Translocations | 4 |  4.0
Maces & Flails | 3 |  3.9
Armour         | 2 |  2.2
Dodging        | 3 |  3.1
Fighting       | |  2.5
Throwing       | |  1.2

Action                   |  1- 3 |  4- 6 || total
-------------------------+-------+-------++-------
Melee: Mace              |   109 |    38 ||   147
Armor: Leather armour    |    38 |    17 ||    55
Dodge: Dodged            |   107 |    30 ||   137
